 Dungeon Crawl Stone Soup version 0.23.2-40-g277498a001 (webtiles) character file.

Game seed: 184164286760734351

2655 Nygeryga the Fighter (level 9, 0/92 HPs)
             Began as a Minotaur Berserker on Sept 6, 2019.
             Was a Priest of Trog.
             Succumbed to a green ugly thing's poison
             ... on level 6 of the Dungeon.
             The game lasted 00:15:26 (6916 turns).

Nygeryga the Fighter (Minotaur Berserker)           Turns: 6916, Time: 00:15:27

Health: 0/92       AC:  6    Str: 24    XL:     9   Next: 36%
Magic:  8/8        EV: 11    Int:  4    God:    Trog [***...]
Gold:   184        SH:  0    Dex: 11    Spells: 8/8 levels left

rFire    . . .     SeeInvis .   a - +0 hand axe
rCold    . . .     Gourm    .   (no shield)
rNeg     . . .     Faith    .   d - +0 ring mail
rPois    .         Spirit   .   (helmet restricted)
rElec    .         Reflect  .   (no cloak)
rCorr    .         Harm     .   j - +0 pair of gloves
MR       .....                  (no boots)
Stlth    +.........             (no amulet)
HPRegen  0.25/turn              (no ring)
MPRegen  0.11/turn              (no ring)

@: lethally poisoned (0 -> -116)
A: retaliatory headbutt, horns 2
a: Berserk, Trog's Hand, Renounce Religion


You were on level 6 of the Dungeon.
You worshipped Trog.
Trog was most pleased with you.
You were hungry.

You visited 1 branch of the dungeon, and saw 7 of its levels.

You collected 184 gold pieces.

Inventory:

Hand Weapons
 a - a +0 hand axe (weapon)
 E - a +2 dire flail of holy wrath
Armour
 b - a +0 animal skin
 d - a +0 ring mail (worn)
 j - a +0 pair of gloves (worn)
 F - a +0 scale mail
Jewellery
 q - an uncursed ring of magical power {unknown}
 u - an uncursed ring of fire {unknown}
 y - an uncursed amulet of magic regeneration {unknown}
 A - a cursed ring of wizardry {unknown}
Wands
 D - a wand of clouds (4)
Scrolls
 e - 2 scrolls of immolation {unknown}
 f - 5 scrolls of magic mapping {unknown}
 g - 12 scrolls of identify {unknown}
 h - 3 scrolls of teleportation {unknown}
 k - a scroll of amnesia {unknown}
 n - a scroll of acquirement {unknown}
 t - a scroll of enchant weapon {unknown}
 v - 2 scrolls of noise {unknown}
 x - 3 scrolls of remove curse {unknown}
 z - a scroll of random uselessness {unknown}
Potions
 i - a potion of might {unknown}
 l - a potion of brilliance {unknown}
 m - 2 potions of curing {unknown}
 o - 5 potions of flight {unknown}
 p - a potion of degeneration {unknown}
 r - 2 potions of magic {unknown}
 s - a potion of heal wounds {unknown}
 w - a potion of invisibility {unknown}
 B - 3 potions of mutation {unknown}
Comestibles
 c - 9 rations


   Skills:
 * Level 12.6 Fighting
 + Level 9.6 Axes
 - Level 2.4 Armour
 - Level 2.1 Dodging


You had 8 spell levels left.
You didn't know any spells.
Your spell library was empty.

Dungeon Overview and Level Annotations

Branches:
Dungeon (7/15)
 Temple: D:4-7

Altars:
Dithmenos
Elyvilon
Fedhas
Gozag
Hepliaklqana
Kikubaaqudgha
Makhleb
Sif Muna
Trog
Wu Jian
Yredelemnul
The Shining One

Shops:
D:5 :   D:6 %


Innate Abilities, Weirdness & Mutations

You reflexively headbutt those who attack you in melee.
You have a pair of horns on your head.


Message History

The green ugly thing is almost dead.
You feel very sick.
The green ugly thing completely misses you.
You closely miss the green ugly thing.
The green ugly thing is almost dead.
* * * LOW HITPOINT WARNING * * *
You feel very sick.
You hit the green ugly thing but do no damage.
The green ugly thing is almost dead.
* * * LOW HITPOINT WARNING * * *
You feel very sick. The green ugly thing claws you.
* * * LOW HITPOINT WARNING * * *
You are more poisoned.
The green ugly thing poisons you!
* * * LOW HITPOINT WARNING * * *
You feel extremely sick. The green ugly thing misses you.
You climb upwards.
You die...

###(.......##..#.........#
#.###
...(.......##...).##.#####
#.###
...........##........#
#....
...(.......##.....####
#.... .........####.....#
####.##. ...).....#
#.....# #.......
......#### ###...#
#.##.##. ......# #...#
#.##.... ####### ##@.#
#.##.### ##u# #.##.# # #.#
#.##.# # #.########.##.###
#................
##########....... ####....
#.### #.#


You could see a green ugly thing.

Vanquished Creatures
  Grinder (D:6)
  A hippogriff (D:7)
  Sigmund (D:5)
  Menkaure (D:4)
  Edmund (D:4)
  Duvessa (D:6)
  A water moccasin (D:6)
  A sky beast (D:6)
  2 ogres
  A phantom (D:4)
  2 centaurs
  Dowan (D:6)
  3 scorpions
  5 howler monkeys
  A crimson imp (D:7)
  A jelly (D:7)
  5 hounds
  An orc wizard (D:3)
  2 bullfrog skeletons
  Ijyb (D:4)
  4 iguanas
  4 worker ants
  2 hound zombies (D:6)
  A hound skeleton (D:6)
  A howler monkey skeleton (D:4)
  A worker ant zombie (D:5)
  10 adders
  3 shadow imps
  An ooze (D:3)
  2 adder skeletons
  An adder zombie (D:7)
  3 worms
  2 dart slugs
  2 leopard geckos
  6 orcs
  2 ball pythons
  11 giant cockroaches
  4 goblins
  4 hobgoblins
  9 jackals
  5 kobolds
  A quokka (D:6)
  3 bats
  2 frilled lizards
  A jackal skeleton (D:4)
  A leopard gecko skeleton (D:6)
  A quokka zombie (D:6)
  6 rats
126 creatures vanquished.

Notes
Turn   | Place    | Note
-------+----------+-------------------------------------------
     0 | D:1      | Nygeryga the Minotaur Berserker began the quest for the
                  | Orb.
     0 | D:1      | Reached XP level 1. HP: 19/19 MP: 0/0
    96 | D:1      | Reached skill level 4 in Fighting
   109 | D:1      | Reached XP level 2. HP: 17/27 MP: 1/1
   819 | D:2      | Found a glowing golden altar of the Shining One.
   823 | D:2      | Found a hazy altar of Hepliaklqana.
   823 | D:2      | Found an ancient bone altar of Kikubaaqudgha.
   823 | D:2      | Found a blossoming altar of Fedhas.
   824 | D:2      | Found a shadowy altar of Dithmenos.
   824 | D:2      | Found a bloodstained altar of Trog.
   825 | D:2      | Found an opulent altar of Gozag.
   826 | D:2      | Found a deep blue altar of Sif Muna.
   828 | D:2      | Found an ornate altar of the Wu Jian Council.
   871 | D:2      | Reached XP level 3. HP: 25/34 MP: 2/2
  1278 | D:2      | Reached skill level 5 in Fighting
  1305 | D:2      | Found a faded altar of an unknown god.
  1343 | D:3      | Reached ** piety under Trog
  1535 | D:3      | Reached XP level 4. HP: 19/42 MP: 3/3
  2191 | D:4      | Noticed an ogre
  2208 | D:3      | Killed an ogre
  2208 | D:3      | Reached skill level 6 in Fighting
  2208 | D:3      | Reached skill level 5 in Axes
  2208 | D:3      | Reached XP level 5. HP: 22/51 MP: 4/4
  2463 | D:4      | You fall through a shaft for 3 floors!
  2593 | D:7      | Noticed a hippogriff
  2637 | D:7      | Reached skill level 7 in Fighting
  2642 | D:7      | Killed a hippogriff
  2642 | D:7      | Reached XP level 6. HP: 19/61 MP: 5/5
  2740 | D:7      | Reached skill level 8 in Fighting
  2740 | D:7      | Reached XP level 7. HP: 36/68 MP: 6/6
  2956 | D:7      | Reached skill level 9 in Fighting
  3313 | D:7      | Noticed a green ugly thing
  3472 | D:6      | Reached XP level 8. HP: 79/79 MP: 7/7
  3518 | D:6      | Found Ismaa's Food Emporium.
  3562 | D:6      | Reached *** piety under Trog
  3657 | D:6      | Noticed Grinder
  3683 | D:6      | Paralysed by Grinder for 2 turns
  3688 | D:6      | Paralysed by Grinder for 3 turns
  3693 | D:6      | Killed Grinder
  3693 | D:6      | Reached skill level 10 in Fighting
  4249 | D:6      | Noticed Duvessa
  4251 | D:6      | Noticed Dowan
  4268 | D:6      | Killed Duvessa
  4268 | D:6      | Reached skill level 11 in Fighting
  4277 | D:6      | Killed Dowan
  4518 | D:5      | Entered Level 5 of the Dungeon
  4529 | D:5      | Found Tiat's Book Shop.
  5086 | D:5      | Noticed Sigmund
  5110 | D:5      | Killed Sigmund
  5110 | D:5      | Reached XP level 9. HP: 62/90 MP: 8/8
  5469 | D:5      | Found a burning altar of Makhleb.
  5478 | D:5      | Reached skill level 12 in Fighting
  5904 | D:4      | Noticed Ijyb
  5912 | D:4      | Killed Ijyb
  6063 | D:4      | Noticed Edmund
  6077 | D:4      | Killed Edmund
  6383 | D:4      | Found a basalt altar of Yredelemnul.
  6568 | D:4      | Noticed Menkaure
  6575 | D:4      | Killed Menkaure
  6673 | D:4      | Found a white marble altar of Elyvilon.
  6916 | D:6      | Succumbed to a green ugly thing's poison

Skill      XL: |  1  2  3  4  5  6  7  8  9 |
---------------+----------------------------+-----
Fighting       | 4 5 6 7 8 9 11 12 | 12.6
Axes           | 4 5 6 7 9 |  9.6
Armour         | |  2.4
Dodging        | |  2.1

Action                   |  1- 3 |  4- 6 |  7- 9 || total
-------------------------+-------+-------+-------++-------
Melee: Hand axe          |    89 |    63 |   257 ||   409
       Headbutt          |    15 |    15 |    57 ||    87
Invok: Berserk           |       |     2 |     4 ||     6
       Trog's Hand       |       |     2 |       ||     2
 Stab: Sleeping          |     1 |       |       ||     1
  Eat: Chunk             |     2 |     3 |    13 ||    18
       Ration            |       |     1 |     1 ||     2
Armor: Animal skin       |    12 |       |       ||    12
       Ring mail         |    11 |    22 |    54 ||    87
Dodge: Dodged            |    45 |    48 |   114 ||   207
